 Dungeon Crawl Stone Soup version 0.27.0-1-g7a089689b8 (webtiles) character file.

Game seed: 12797249909894252995

143 Descartes the Covert (level 5, 0/24 HPs)
             Began as a Felid Delver on Aug 14, 2021.
             Killed by nerve-wracking pain
             ... invoked by an orc priest
              (7 damage)
             ... on level 3 of the Dungeon.
             The game lasted 00:06:37 (3774 turns).

Descartes the Covert (Felid Delver)                 Turns: 3774, Time: 00:06:38

Health: 0/24       AC:  1    Str:  9    XL:     5   Next: 4%
Magic:  6/6        EV: 18    Int: 11    God:
Gold:   112        SH:  0    Dex: 24    Spells: 4/4 levels left
                                        Lives:  0   Deaths: 1

rFire    . . .     SeeInvis +     - Unarmed
rCold    . . .     Faith    .   (shield unavailable)
rNeg     . . .     Spirit   .   (armour unavailable)
rPois    .         Reflect  .   (helmet unavailable)
rElec    .         Harm     .   (cloak unavailable)
rCorr    .         Rampage  .   (gloves unavailable)
Will     .....                  (boots unavailable)
Stlth    +++++.....             (no amulet)
HPRegen  0.08/turn              i - +6 ring of dexterity
MPRegen  0.10/turn              (no ring)

@: quick
A: very small, claws 1, fangs 3, see invisible, speed 1, shaggy fur 1, stealthy
paws, no weapons or thrown items, no armour, multi-lived
a: no special abilities


You were on level 3 of the Dungeon.
You visited 1 branch of the dungeon, and saw 5 of its levels.

You collected 112 gold pieces.

Inventory:

Jewellery
 i - a +6 ring of dexterity (left paw)
Wands
 e - a wand of digging (3)
Scrolls
 a - 3 scrolls of fog
 b - a scroll of magic mapping
 c - a scroll of fear
 g - a scroll of identify {unknown}
 h - 2 scrolls of amnesia {unknown}
 k - a scroll of teleportation {unknown}
 l - 3 scrolls of noise {unknown}
 m - a scroll of enchant armour {unknown}
Potions
 d - a potion of haste
 f - 5 potions of curing {unknown}
 j - 2 potions of degeneration {unknown}


   Skills:
 - Level 3.0 Fighting
 - Level 2.6 Dodging
 + Level 10.7 Stealth
 - Level 2.0 Unarmed Combat


You had 4 spell levels left.
You didn't know any spells.
Your spell library contained the following spells:

 Spells                   Type           Power      Damage    Failure   Level
 Animate Dead             Necr           0%         N/A       98%         4
 Borgnjor's Vile Clutch   Necr/Erth      0%         N/A       100%        5
 Death Channel            Necr           0%         N/A       100%        6


Dungeon Overview and Level Annotations

Branches:
Dungeon (5/15)
 Temple: D:4-7

Altars:


Innate Abilities, Weirdness & Mutations

You have sharp claws.
You have razor-sharp teeth.
You have supernaturally acute eyesight. (SInv)
You cover ground quickly. (Speed+)
You are covered in fur. (AC +1)
Your paws help you pounce on unaware monsters.
You are incapable of wielding weapons or throwing items.
You cannot wear armour.
You gain extra lives every three experience levels.


Message History

There is an open door here. 3 orcs and an orc priest come into view.
The orc shouts! x2
An orc comes into view. It is wielding a +0 short sword.
The orc shouts!
You scratch the orc but do no damage. The orc closely misses you.
You scratch the orc but do no damage. You bite the orc.
The orc is moderately wounded.
The orc completely misses you.
You closely miss the orc.
The orc is moderately wounded.
The orc misses you.
You scratch the orc but do no damage.
The orc is moderately wounded.
The orc barely misses you.
You scratch the orc. You bite the orc.
The orc is almost dead.
The orc closely misses you.
You scratch the orc.
You kill the orc!
You closely miss the orc priest. The orc priest misses you.
You scratch the orc priest but do no damage.
The orc priest mumbles some strange prayers to Beogh against you.
Beogh smites you!
You scratch the orc priest but do no damage.
You bite the orc priest, but do no damage.
The orc priest misses you.
You scratch the orc priest but do no damage.
The orc priest mumbles some strange prayers to Beogh against you.
Pain shoots through your body!
* * * LOW HITPOINT WARNING * * *
You are too injured to fight recklessly!
You are too injured to fight recklessly!
You are too injured to fight recklessly!
You are too injured to fight recklessly!
You are too injured to fight recklessly!
There is an open door here.
The orc priest invokes the aid of Beogh against you.
Pain shoots through your body!
You die...

.# ### ..gb. ### #.# .###.# #..
....... ..###.. ..#.#
#.####........#.#....
###'#.#######o#...........#.#.#..
...........##o#.#.. ...........o#
...........##o#.#'#####...#.#.###
...........##)#....<....# #.#....
...........##o##....#######.#####
.....†.....##..'@........o.......
...........#####...#######.######
...........# #.............
...........#####....######.###
...###................# #.# ####
#................# #+#
#................#
#......###.......# #......#
#.......#


You could see an orc priest.

Vanquished Creatures
  Menkaure (D:4)
  A jelly (D:5)
  A gnoll (D:4)
  2 adders (D:2)
  A shadow imp (D:5)
  An ufetubus (D:5)
  A dart slug (D:2)
  2 orcs
  7 ball pythons
  9 endoplasms
  6 goblins
  7 hobgoblins
  2 jackals (D:5)
  6 quokkas
  6 bats
  A frilled lizard (D:1)
  5 kobolds
  6 rats
65 creatures vanquished.

Notes
Turn   | Place    | Note
-------+----------+-------------------------------------------
     0 | D:5      | Descartes the Felid Delver began the quest for the Orb.
     0 | D:5      | Reached XP level 1. HP: 10/10 MP: 2/2
    33 | D:5      | Noticed a jelly
    40 | D:5      | Killed a jelly
    41 | D:5      | Reached skill level 7 in Stealth
    41 | D:5      | Reached XP level 2. HP: 14/14 MP: 3/3
    41 | D:5      | Reached XP level 3. HP: 17/17 MP: 4/4
    73 | D:5      | Reached skill level 8 in Stealth
   124 | D:5      | Noticed an ogre
   388 | D:4      | Noticed Menkaure
   388 | D:4      | Noticed a phantom
   393 | D:4      | Killed Menkaure
   394 | D:4      | Reached skill level 9 in Stealth
   394 | D:4      | Reached XP level 4. HP: 21/21 MP: 5/5
   394 | D:4      | Reached XP level 5. HP: 24/24 MP: 6/6
   440 | D:4      | Reached skill level 10 in Stealth
   998 | D:2      | Found a faded altar of an unknown god.
  2103 | D:2      | Noticed a phantom
  2474 | D:2      | Slain by a phantom
  2475 | D:2      | Reached XP level 4. HP: -4/21 MP: 5/5
  2534 | D:2      | HP: 1/21 [phantom (8)]
  3086 | D:3      | You fall into a shaft and drop 1 floor!
  3438 | D:3      | Reached XP level 5. HP: 6/24 MP: 6/6
  3774 | D:3      | Killed from afar by an orc priest

Illustrated notes

Levels and vault maps discovered:
D:1:      wander_arrival_fairy_ring, layout_basic
D:2:      layout_basic, hellmonk_ecumenical_altar_pennies_from_heaven,
          st_stairs_6
D:3:      layout_basic
D:4:      layout_basic, nicolae_overflow_hidden_temple, uniq_menkaure,
          uniq_blork_the_orc
D:5:      layout_layer_cave, uniq_sigmund

Skill      XL: |  1  2  3  4  5 |
---------------+----------------+-----
Stealth        | 7 9 10 | 10.7
Fighting       | |  3.0
Dodging        | |  2.6
Unarmed Combat | |  2.0

Action                   |  1- 3 |  4- 6 || total
-------------------------+-------+-------++-------
Melee: Unarmed           |    18 |   180 ||   198
       Bite              |     2 |    28 ||    30
       Punch             |       |     3 ||     3
  Use: Potion            |       |     1 ||     1
 Stab: Sleeping          |     3 |    17 ||    20
       Distracted        |       |     1 ||     1
Armor: Skin              |     6 |     4 ||    10
Dodge: Dodged            |    29 |   155 ||   184
